 Dungeon Crawl Stone Soup version 0.29-a0-653-gd47aff6735 (webtiles) character file.

Game seed: 9810417809844639466

15755 wingedge the Archer (level 12, -7/97 HPs)
             Began as a Minotaur Hunter on June 21, 2022.
             Was a Believer of Hepliaklqana.
             Mangled by a komodo dragon (23 damage)
             ... on level 1 of the Lair of Beasts.
             The game lasted 01:09:19 (11192 turns).

wingedge the Archer (Minotaur Hunter)              Turns: 11192, Time: 01:09:19

Health: -7/97      AC: 12    Str: 18    XL:     12   Next: 4%
Magic:  11/11      EV: 16    Int:  6    God:    Hepliaklqana [**....]
Gold:   587        SH:  0    Dex: 17    Spells: 11/11 levels left

rFire   . . .      SeeInvis .   b - +2 whip (elec)
rCold   . . .      Faith    .   (no shield)
rNeg    . . .      Spirit   .   k - +0 steam dragon scales
rPois   .          Reflect  .   g - +0 hat
rElec   .          Harm     .   v - +0 cloak
rCorr   +          Rampage  .   (no gloves)
Will    .....                   B - +2 pair of boots
Stlth   ++........              d - amulet of regeneration
HPRegen 1.06/turn               K - ring of resist corrosion
MPRegen 0.12/turn               (no ring)

@: about to teleport
A: reduced essence, horns 2, retaliatory headbutt
a: Renounce Religion, Recall Ancestor, Ancestor Identity


You were on level 1 of the Lair of Beasts.
You worshipped Hepliaklqana.
Hepliaklqana was pleased with you.
You visited 3 branches of the dungeon, and saw 12 of its levels.

You collected 825 gold pieces.
You spent 238 gold pieces at shops.

Inventory:

Hand Weapons
 a - a +1 shortbow
 b - a +2 whip of electrocution (weapon)
 f - a +0 short sword of venom
 m - a +4 long sword
 n - a +0 dagger of speed
 D - a +0 war axe
Armour
 g - a +0 hat (worn)
 k - +0 steam dragon scales (worn)
 v - a +0 cloak (worn)
 B - a +2 pair of boots (worn)
 J - a +0 kite shield
Jewellery
 d - an amulet of regeneration (around neck)
 i - a ring of ice
 K - a ring of resist corrosion (left hand)
Wands
 w - a wand of flame (15)
 y - a wand of iceblast (1)
 L - a wand of mindburst (4)
 M - a wand of acid (3)
Scrolls
 c - 4 scrolls of immolation
 h - 2 scrolls of torment
 j - 3 scrolls of amnesia
 r - 2 scrolls of enchant weapon
 x - 3 scrolls of vulnerability
 E - a scroll of teleportation
Potions
 e - 3 potions of curing
 o - 3 potions of magic
 p - a potion of attraction
 s - a potion of berserk rage {unknown}
 t - 4 potions of might {unknown}
 z - 3 potions of flight
 A - 2 potions of haste {unknown}
 H - a potion of invisibility {unknown}


   Skills:
 + Level 10.9 Fighting
 - Level 4.0 Maces & Flails
 * Level 14.3 Bows
 + Level 9.6 Armour
 - Level 7.0 Dodging
 - Level 1.0 Stealth
 * Level 5.6 Evocations


You had 11 spell levels left.
You didn't know any spells.
Your spell library contained the following spells:

 Spells                   Type           Power      Damage    Failure   Level
 Freeze                   Ice            0%         1d3       45%         1
 Slow                     Hex            0%         N/A       45%         1
 Poisonous Vapours        Pois/Air       0%         N/A       58%         2
 Confusing Touch          Hex            0%         N/A       83%         3
 Frozen Ramparts          Ice            0%         1d2       83%         3
 Vampiric Draining        Necr           0%         2d6       83%         3
 Corpse Rot               Necr/Pois/Air  0%         N/A       99%         4
 Hailstorm                Conj/Ice       0%         3d3       99%         4


Dungeon Overview and Level Annotations

Branches:
Dungeon (10/15)            Temple (1/1) D:7            Lair (1/6) D:8
    Orc (0/2) D:10

Altars:
Ashenzari
Cheibriados
Dithmenos
Elyvilon
Fedhas
Gozag
Hepliaklqana
Kikubaaqudgha
Makhleb
Nemelex Xobeh
Okawaru
Qazlal
Ru
Sif Muna
Trog
Vehumet
Wu Jian
Xom
Yredelemnul
Zin
The Shining One

Shops:
D:4 :   D:5 :   D:6 [   D:7 =   D:10 :

Annotations:
D:5 2 transporters, samgaumpmail's ghost, novice TrEE


Innate Abilities, Weirdness & Mutations

Your life essence is reduced to manifest your ancestor. (-10% HP)
You have a pair of horns on your head.
You reflexively headbutt those who attack you in melee.


Message History

You feel sick. The komodo dragon misses you.
You hit the komodo dragon.
The komodo dragon is heavily wounded.
You feel sick. The komodo dragon bites you!
* * * LOW HITPOINT WARNING * * *
The komodo dragon bites you but does no damage.
You feel much better.
You feel sick. The komodo dragon misses you. You furiously retaliate!
You headbutt the komodo dragon! The komodo dragon misses you.
You furiously retaliate!
You headbutt the komodo dragon.
Okay, then.
Okay, then.
You feel sick. The komodo dragon bites you!!
* * * LOW HITPOINT WARNING * * *
You feel much better.
You feel sick. The komodo dragon bites you!
* * * LOW HITPOINT WARNING * * *
The komodo dragon bites you but does no damage.
The komodo dragon barely misses you.
The komodo dragon attacks as you move away!
The komodo dragon barely misses you.
You feel sick.
You feel sick.
You hit the komodo dragon.
Lightning courses through the komodo dragon!
You headbutt the komodo dragon.
The komodo dragon is moderately wounded.
You feel sick.
You are no longer poisoned.
The komodo dragon closely misses you.
You feel much better.
The komodo dragon hisses menacingly.
You hit the komodo dragon but do no damage.
Lightning courses through the komodo dragon!!
The komodo dragon is almost dead.
The komodo dragon bites you! The komodo dragon bites you!!
* * * LOW HITPOINT WARNING * * *
As you read the scroll of teleportation, it crumbles to dust.
You feel strangely unstable.
The komodo dragon hisses menacingly.
The komodo dragon barely misses you. The komodo dragon bites you!!
You die...

,,,,,**..*,,,..#.........††....).
,,,,,**..#**,..#.........†.......
,,,,,*,,...*,..##...#+#.PP.###...
,,,,,*,..#.###.##...#........#...
,,,,,*,**....#.##................
,,,,,,,*,,,#.†)#....#............
,,,,,####,,#.††#.†..#.......((((.
,,,,,#..#,,#P..#l...#........(P(.
,,,,,#..#,,##.ll@....######..(((.
,..,,#..##*##..#................(
,...,#...###...#...........).....
,....#.......P##.................
,....###..##.##..................
,......#†######..................
,.............##.....###+####....
*###..................#*,* *,,,,
***#.................##,,****,,,*


You could see 3 komodo dragons.

Vanquished Creatures
  2 death yaks (D:8)
  Sonja (D:10)
  Maurice (D:10)
  A cane toad (Lair:1)
  A gargoyle (D:10)
  A kobold demonologist (D:10)
  A queen bee (D:8)
  4 wraiths
  9 yaks
  2 wyverns
  Grum (Lair:1)
  2 steam dragons
  5 vampire mosquitoes
  4 water moccasins
  4 orc warriors
  2 sky beasts
  A black bear (D:6)
  4 ogres
  A wolf (Lair:1)
  3 centaurs
  3 phantoms
  3 kobold brigands
  6 bullfrogs
  2 necrophages
  5 scorpions
  A gnoll sergeant (D:10)
  3 wights
  8 killer bees (D:8)
  A howler monkey (D:6)
  An electric eel (D:6)
  A gnoll shaman (D:5)
  9 orc priests
  2 hounds
  2 jellies
  7 iguanas
  20 orc wizards
  A mummy (D:3)
  15 gnolls
  7 adders
  A shadow imp (D:7)
  A white imp (D:5)
  An ufetubus (D:5)
  8 dart slugs
  56 orcs
  9 endoplasms
  3 giant cockroaches
  11 goblins
  8 hobgoblins
  22 kobolds
  6 quokkas
  4 ball pythons
  5 bats
  5 frilled lizards
  6 rats
293 creatures vanquished.

Vanquished Creatures (collateral kills)
  Josephine (D:10)
  Fannar (D:10)
  A death yak (D:8)
  Maggie (Lair:1)
  A rime drake (Lair:1)
  A kobold demonologist (D:10)
  A komodo dragon (Lair:1)
  2 wraiths (D:10)
  4 yaks
  A wyvern (D:10)
  A water moccasin (Lair:1)
  An orc warrior (D:10)
  2 wolves (Lair:1)
  4 iguanas (Lair:1)
  5 orcs (D:10)
  3 kobolds (D:10)
30 creatures vanquished.

Vanquished Creatures (others)
  A yak (D:8)
  A knight (Lair:1)
  An ancestor (D:10)
  19 plants
22 creatures vanquished.

Grand Total: 345 creatures vanquished

Notes
Turn   | Place    | Note
-------+----------+-------------------------------------------
     0 | D:1      | wingedge the Minotaur Hunter began the quest for the Orb.
     0 | D:1      | Reached XP level 1. HP: 18/18 MP: 0/0
    63 | D:1      | Reached skill level 1 in Stealth
   146 | D:1      | Reached XP level 2. HP: 25/25 MP: 1/1
   212 | D:1      | Reached skill level 1 in Armour
   400 | D:1      | Found a faded altar of an unknown god.
   404 | D:1      | Reached skill level 5 in Bows
   404 | D:1      | Reached XP level 3. HP: 30/30 MP: 2/2
  1512 | D:2      | Reached XP level 4. HP: 38/38 MP: 3/3
  1811 | D:3      | Reached skill level 6 in Bows
  1824 | D:3      | Reached XP level 5. HP: 29/46 MP: 4/4
  2618 | D:3      | Found a snail-covered altar of Cheibriados.
  2824 | D:4      | Found Oprukun's Book Shoppe.
  2860 | D:4      | Reached XP level 6. HP: 50/53 MP: 5/5
  2976 | D:4      | Reached skill level 7 in Bows
  3312 | D:4      | Reached skill level 5 in Fighting
  3447 | D:4      | Found a bloodstained altar of Trog.
  3450 | D:4      | Found a blossoming altar of Fedhas.
  3454 | D:4      | Found a glowing golden altar of the Shining One.
  3803 | D:5      | Entered Level 5 of the Dungeon
  3939 | D:5      | Reached skill level 8 in Bows
  3939 | D:5      | Reached XP level 7. HP: 57/61 MP: 6/6
  4106 | D:5      | Found Tuptustu's Self-Improvement Boutique.
  4776 | D:5      | Noticed samgaumpmail's ghost (novice TrEE)
  4777 | D:5      | Found a transporter.
  4829 | D:5      | Reached skill level 9 in Bows
  4862 | D:5      | Identified the +2 robe "Kuxtobe" {rElec rF+ Will- Dex+3}
  4873 | D:5      | Reached XP level 8. HP: 70/71 MP: 7/7
  5110 | D:5      | Found a transporter.
  5458 | D:6      | Found a shimmering altar of Xom.
  5716 | D:6      | Found Ishafap's Antique Armour Shoppe.
  5736 | D:6      | Reached skill level 5 in Armour
  5754 | D:6      | Bought a hat for 112 gold pieces
  5754 | D:6      | Bought a cloak for 126 gold pieces
  5825 | D:5      | Reached skill level 10 in Bows
  6081 | D:6      | Reached XP level 9. HP: 66/79 MP: 8/8
  6800 | D:7      | Reached skill level 11 in Bows
  6950 | D:7      | Found Ebaazaadoa's Jewellery Emporium.
  7042 | D:7      | Reached skill level 1 in Evocations
  7230 | D:7      | Found a staircase to the Ecumenical Temple.
  7236 | Temple   | Entered the Ecumenical Temple
  7296 | Temple   | Became a worshipper of Hepliaklqana the Forgotten
  7394 | D:8      | Found an ancient bone altar of Kikubaaqudgha.
  7405 | D:8      | Found a basalt altar of Yredelemnul.
  7466 | D:8      | Noticed a death yak
  7501 | D:8      | Killed a death yak
  7502 | D:8      | Reached skill level 5 in Dodging
  7502 | D:8      | Reached XP level 10. HP: 60/90 MP: 9/9
  7504 | D:8      | Found a staircase to the Lair.
  7505 | D:8      | Noticed a death yak
  7517 | D:8      | Noticed a death yak
  7746 | D:8      | Reached skill level 12 in Bows
  7993 | D:8      | Found a shadowy altar of Dithmenos.
  8161 | D:8      | Killed a death yak
  8675 | D:9      | Reached skill level 1 in Maces & Flails
  8792 | D:9      | Found a shadowy altar of Dithmenos.
  8810 | D:9      | Reached * piety under Hepliaklqana
  9114 | D:9      | Reached skill level 13 in Bows
  9313 | D:10     | Entered Level 10 of the Dungeon
  9356 | D:9      | Reached XP level 11. HP: 49/89 MP: 10/10
  9360 | D:9      | Reached skill level 10 in Fighting
  9564 | D:10     | Found Avukhlun's Book Emporium.
  9687 | D:10     | Noticed Josephine
  9701 | D:10     | Killed Josephine
  9792 | D:10     | Noticed Maurice
  9800 | D:10     | Killed Maurice
  9891 | D:10     | Found a basalt altar of Yredelemnul.
  9892 | D:10     | Noticed Sonja
  9902 | D:10     | Killed Sonja
  9913 | D:10     | Noticed Fannar
  9984 | D:10     | Reached ** piety under Hepliaklqana
  9989 | D:10     | Remembered your ancestor Qitarah as a knight
 10286 | D:10     | Noticed a sun demon
 10466 | D:10     | Found a staircase to the Orcish Mines.
 10527 | D:10     | Killed Fannar
 10668 | D:8      | Killed a death yak
 10669 | D:8      | Reached skill level 14 in Bows
 10750 | Lair:1   | Entered Level 1 of the Lair of Beasts
 10899 | Lair:1   | Noticed Maggie
 10908 | Lair:1   | Killed Maggie
 10909 | Lair:1   | Reached skill level 5 in Evocations
 11155 | Lair:1   | Noticed Grum
 11167 | Lair:1   | Killed Grum
 11171 | Lair:1   | Reached XP level 12. HP: 83/97 MP: 11/11
 11192 | Lair:1   | Mangled by a komodo dragon

Illustrated notes

Levels and vault maps discovered:
D:1:      heliophobic_arrival_enchanted_forest, layout_loops_ring,
          hellmonk_ecumenical_altar_heavens_door
D:2:      layout_basic, serial_curves, eino_curves_03, eino_curves_04,
          eino_curves_01, minmay_misc_feat_doors
D:3:      layout_basic, chei_slow_surprise, chequers_jeans
D:4:      layout_rooms, grunt_temple_overflow_diamond, serial_shops, shop,
          grunt_ministairs_13
D:5:      layout_loops_corners, gammafunk_ghost_smash, nicolae_shop_self_help
D:6:      layout_rooms, xom_butterflies, nicolae_stop_n_shop_1,
          serial_bayou_pond_b
D:7:      layout_basic, minmay_temple_entry_statues_pillars, serial_shops, shop
D:8:      layout_basic, mainiacjoe_overflow_24_doors, dpeg_lair_monsters,
          hangedman_feature_mirror, nicolae_looking_at_the_future
D:9:      layout_basic, nicolae_overflow_hidden_temple
D:10:     layout_small_grid, mainiacjoe_overflow_paths, hiddenorc1_lemuel,
          serial_shops, nicolae_shop_crystal, kennysheep_pointless_box,
          uniq_maurice, uniq_sonja, uniq_fannar, uniq_josephine
Temple:   dshaligram_water_room_temple
Lair:1:   beast_lair_carwin_large_3, layout_regular_city, lemuel_fruit_tree,
          infiniplex_staircase_pool_2, uniq_maggie, uniq_grum

Skill      XL: |  1  2  3  4  5  6  7  8  9 10 11 12 |
---------------+-------------------------------------+-----
Stealth        | 1 |  1.0
Armour         | 1 2 5 7 8 9 |  9.6
Bows           | 5 6 8 9 10 11 13 14 | 14.3
Fighting       | 3 4 5 6 7 8 9 10 | 10.9
Dodging        | 4 5 6 7 |  7.0
Evocations     | 1 3 5 |  5.6
Maces & Flails | 2 4 |  4.0

Action                   |  1- 3 |  4- 6 |  7- 9 | 10-12 || total
-------------------------+-------+-------+-------+-------++-------
Melee: Short sword       |     3 |    36 |    29 |    61 ||   129
       Headbutt          |     1 |     9 |     5 |    54 ||    69
       Punch             |       |     1 |     1 |     3 ||     5
       Shortbow          |       |       |     1 |       ||     1
       Whip              |       |       |       |   186 ||   186
 Fire: Shortbow          |    96 |   141 |   412 |   384 ||  1033
Invok: Recall Ancestor   |       |       |       |     1 ||     1
       Ancestor Life: Kn |       |       |       |     1 ||     1
Evoke: Wand              |       |       |     1 |    29 ||    30
  Use: Scroll            |       |     1 |     7 |    15 ||    23
       Potion            |       |       |     4 |     8 ||    12
 Stab: Distracted        |       |       |       |     1 ||     1
Armor: Ring mail         |     4 |     1 |       |       ||     5
       Scale mail        |       |    39 |    41 |       ||    80
       Steam dragon scal |       |       |    56 |   124 ||   180
       Leather armour    |       |       |     2 |       ||     2
       Skin              |       |       |     2 |    12 ||    14
Dodge: Dodged            |    16 |    45 |   138 |   287 ||   486

Table legend: (Time is in decaauts)
 A = Elapsed time spent in this place.
 B = Non-inter-level travel time spent in this place.
 C = Inter-level travel time spent in this place.
 D = Time resting spent in this place.
 E = Time spent auto-exploring this place.
 F = Levels seen in this place.
 G = Mean time per level.
                   A        B        C        D        E       F      G
               +--------+--------+--------+--------+--------+-----+--------+
         Total |  11268 |  10755 |    513 |   1948 |   5398 |  12 |  939.0 |
       Dungeon |  10760 |  10266 |    494 |   1815 |   5212 |  10 | 1076.0 |
        Temple |     80 |     61 |     19 |      0 |     43 |   1 |   80.0 |
          Lair |    427 |    427 |      0 |    133 |    143 |   1 |  427.0 |
               +--------+--------+--------+--------+--------+-----+--------+

Top non-repeatable levels by time:
     D:5: 1967 daAuts
     D:3: 1269 daAuts
     D:8: 1236 daAuts
    D:10: 1162 daAuts
     D:4: 983 daAuts
     D:7: 932 daAuts
     D:9: 856 daAuts
     D:1: 821 daAuts
     D:2: 803 daAuts
     D:6: 726 daAuts
  Lair:1: 427 daAuts
  Temple: 80 daAuts
